 Dungeon Crawl Stone Soup version 0.18.1-5-g4a78601 (webtiles) character file.

271 Geppetto the Magician (level 6, -8/36 HPs)
             Began as a High Elf Wizard on May 10, 2016.
             Killed from afar by an orc wizard (12 damage)
             ... with a puff of frost
             ... on level 3 of the Dungeon.
             The game lasted 00:21:54 (3882 turns).

Geppetto the Magician (High Elf Wizard)             Turns: 3882, Time: 00:21:55

Health: -8/36      AC:  5    Str:  6    XL:     6   Next: 2%
Magic:  1/21       EV: 12    Int: 23    God:
Gold:   157        SH:  0    Dex: 15    Spells: 4 memorised, 3 levels left

rFire  . . .     SeeInvis .     f - +1 dagger
rCold  . . .     Gourm    .     a - +1 robe
rNeg   . . .     Faith    .     (no shield)
rPois  .         Spirit   .     b - +2 hat
rElec  .         Dismiss  .     (no cloak)
rCorr  .         Reflect  .     (no gloves)
SustAt .         Harm     .     (no boots)
MR     .....                    (no amulet)
Stlth  +.........               o - ring of loudness (curse)
                                k - ring of magical power

@: not resistant to hostile enchantments, very unstealthy
A: no striking features
a: no special abilities


You were on level 3 of the Dungeon.
You were not hungry.

You visited 1 branch of the dungeon, and saw 3 of its levels.

You collected 157 gold pieces.

Inventory:

Hand Weapons
 f - a +1 dagger (weapon)
Armour
 a - a +1 robe (worn)
 b - a +2 hat (worn)
 g - a +0 pair of boots
Jewellery
 k - a ring of magical power (left hand)
 o - a cursed ring of loudness (right hand)
Scrolls
 j - 2 scrolls of magic mapping
 n - a scroll of identify
Potions
 e - 4 potions of curing
 h - 3 potions of brilliance
 i - 2 potions of agility
 m - a potion of might
 q - 2 potions of flight {unknown}
Books
 c - a book of Minor Magic

   Spells                             Type                      Level
   a - Magic Dart                     Conjuration                  1
   b - Blink                          Translocation                2
   c - Call Imp                       Summoning                    2
   d - Repel Missiles                 Charms/Air                   2
   e - Slow                           Hexes                        2
   f - Conjure Flame                  Conjuration/Fire             3
   g - Mephitic Cloud                 Conjuration/Poison/Air       3
Comestibles
 d - a bread ration
 l - a meat ration


   Skills:
 - Level 2.1 Dodging
 - Level 2.1 Stealth
 - Level 3.6 Spellcasting
 * Level 3.2 Conjurations
   Level 0.8 Summonings
 - Level 3.2 Translocations
 - Level 3.1 Fire Magic
 - Level 3.0 Air Magic
 - Level 0.1 Poison Magic


You had 3 spell levels left.
You knew the following spells:

 Your Spells              Type           Power        Failure   Level  Hunger
a - Magic Dart            Conj           ###.         2%          1    None
b - Blink                 Tloc           N/A          4%          2    #......
c - Mephitic Cloud        Conj/Pois/Air  ##......     14%         3    ###....
d - Conjure Flame         Conj/Fire      ###.....     10%         3    ###....


Dungeon Overview and Level Annotations

Branches:
Dungeon (3/15)

Altars:
Cheibriados
Nemelex Xobeh
Trog


Message History

Confirm with . or Enter, or press ? or * to list all spells.
Aiming: Magic Dart
Press: ? - help, Shift-Dir - straight line, f/p - goblin
Aim: a goblin, wielding a dagger (moderately wounded)
The magic dart hits the goblin.
The goblin is severely wounded.
The orc wizard points at you and mumbles some strange words.
The magic dart hits you!
* * * LOW HITPOINT WARNING * * *
The goblin closely misses you.
Casting: Magic Dart
Confirm with . or Enter, or press ? or * to list all spells.
Aiming: Magic Dart
Press: ? - help, Shift-Dir - straight line, f/p - goblin
Aim: a goblin, wielding a dagger (severely wounded)
The magic dart hits the goblin.
You kill the goblin!
The orc wizard casts a spell at you. The puff of frost hits you!
You die...

### #.####### #.o...(.#
##### #.#####@# #....
#.# #.# ####.## #.# #.#
#...... #########.#
#)#############..#
#....o))o.#
#.#<.............#
#.#########
#.#######...####.# #.#
#.#.....'...'....# #o#
####.#.#####...######
#.#
###..........'...'.....


You could see an orc wizard.

Vanquished Creatures
  The ghost of zkyp the Magician, an amateur HEEE (D:3)
  A crimson imp (D:3)
  4 gnolls (D:2)
  3 adders
  An ooze (D:1)
  A worm (D:2)
  2 dart slugs
  3 giant geckos
  9 orcs (D:3)
  2 ball pythons
  5 giant cockroaches
  12 goblins
  5 hobgoblins
  15 kobolds
  2 quokkas
  6 bats
  3 giant newts
  6 rats
81 creatures vanquished.

Notes
Turn   | Place    | Note
--------------------------------------------------------------
     0 | D:1      | Geppetto the High Elf Wizard began the quest for the Orb.
     0 | D:1      | Reached XP level 1. HP: 11/11 MP: 6/6
   372 | D:1      | Reached XP level 2. HP: 3/17 MP: 3/7
   661 | D:1      | Learned a level 2 spell: Blink
  1070 | D:1      | Reached XP level 3. HP: 21/21 MP: 0/9
  1319 | D:2      | Found a snail-covered altar of Cheibriados.
  1708 | D:2      | Learned a level 3 spell: Mephitic Cloud
  1712 | D:2      | Learned a level 3 spell: Conjure Flame
  1773 | D:2      | Reached XP level 4. HP: 9/27 MP: 0/10
  2098 | D:2      | Reached skill level 1 in Air Magic
  3001 | D:3      | Reached XP level 5. HP: 31/31 MP: 11/11
  3035 | D:3      | Noticed zkyp's ghost (amateur HEEE)
  3295 | D:3      | Found a bloodstained altar of Trog.
  3296 | D:3      | Found a sparkling altar of Nemelex Xobeh.
  3535 | D:3      | Killed zkyp's ghost
  3783 | D:3      | Reached XP level 6. HP: 29/36 MP: 6/12
  3882 | D:3      | Killed from afar by an orc wizard

Skill      XL: |  1  2  3  4  5 |
---------------+----------------+-----
Conjurations   | 2 3 |  3.2
Translocations | 2 3 |  3.2
Air Magic      | 3 |  3.0
Fire Magic     | 3 |  3.1
Dodging        | |  2.1
Stealth        | |  2.1
Spellcasting   | |  3.6
Summonings     | |  0.8
Poison Magic   | |  0.1

Action                   |  1- 3 |  4- 6 || total
-------------------------+-------+-------++-------
Melee: Unarmed           |     3 |       ||     3
       Dagger            |       |    19 ||    19
 Cast: Magic Dart        |    95 |   122 ||   217
       Mephitic Cloud    |       |    13 ||    13
       Blink             |       |     8 ||     8
       Conjure Flame     |       |     4 ||     4
  Use: Scroll            |     5 |     5 ||    10
  Eat: Chunk             |     2 |     8 ||    10
Armor: Robe              |     5 |     9 ||    14
Dodge: Dodged            |    19 |    36 ||    55
